 Dungeon Crawl Stone Soup version 0.30-a0-341-g6827065 (webtiles) character file.

Game seed: 2606474080507653671

522 Dorkslayer the Covert (level 7, 0/45 HPs)
             Began as an Octopode Brigand on Nov 3, 2022.
             Slain by a lemure (2 damage)
             ... led by Pikel
             ... on level 4 of the Dungeon.
             The game lasted 00:12:24 (3034 turns).

Dorkslayer the Covert (Octopode Brigand)            Turns: 3034, Time: 00:12:24

Health: 0/45       AC:  1    Str: 10    XL:     7   Next: 22%
Magic:  10/10      EV: 13    Int: 15    God:
Gold:   150        SH:  0    Dex: 14    Spells: 10/10 levels left

rFire   . . .      SeeInvis .    t - +1 short sword (drain)
rCold   + . .      Faith    .    (no shield)
rNeg    . . .      Spirit   .    (helmet restricted)
rPois   .          Reflect  .    (no amulet)
rElec   .          Harm     .    j - ring of protection from cold
rCorr   .          Rampage  .    (no ring)
Will    .....                    (no ring)
Stlth   +++++.....               (no ring)
HPRegen 0.27/turn                (no ring)
MPRegen 0.12/turn                (no ring)
                                 (no ring)
                                 (no ring)

@: about to teleport
A: almost no armour, amphibious, 8 rings, camouflage 1, gelatinous body 1,
(nimble swimmer 1), tentacles
a: no special abilities


You were on level 4 of the Dungeon.
You visited 1 branch of the dungeon, and saw 4 of its levels.

You collected 176 gold pieces.
You spent 26 gold pieces at shops.

Inventory:

Hand Weapons
 a - a +2 dagger
 t - a +1 short sword of draining (weapon)
Missiles
 b - 12 poisoned darts (quivered)
 h - 3 boomerangs
Jewellery
 j - a ring of protection from cold (left tentacle)
Wands
 g - a wand of polymorph (8)
 s - a wand of light (6)
Scrolls
 c - 2 scrolls of teleportation
 f - 2 scrolls of summoning {unknown}
 l - a scroll of silence {unknown}
 m - a scroll of brand weapon {unknown}
 n - a scroll of poison {unknown}
 q - a scroll of torment {unknown}
 r - a scroll of enchant weapon {unknown}
 v - a scroll of immolation {unknown}
 w - a scroll of magic mapping {unknown}
Potions
 d - a potion of lignification {unknown}
 e - 4 potions of curing
 i - a potion of attraction {unknown}
 o - a potion of mutation {unknown}
 p - a potion of haste {unknown}
 u - a potion of might


   Skills:
 + Level 2.4 Fighting
 + Level 3.5 Short Blades
 + Level 3.0 Throwing
 + Level 1.9 Dodging
 + Level 8.8 Stealth
 + Level 2.3 Spellcasting
 * Level 1.2 Evocations


You had 10 spell levels left.
You didn't know any spells.
Your spell library was empty.

Dungeon Overview and Level Annotations

Branches:
Dungeon (4/15)             Temple (0/1) D:4

Altars:
Kikubaaqudgha
Zin

Shops:
D:2 ?

Annotations:
D:4 Pikel


Innate Abilities, Weirdness & Mutations

You cannot wear most types of armour.
You are amphibious.
You can wear up to eight rings at the same time.
Your skin changes colour to match your surroundings (Stealth+).
Your rubbery body absorbs attacks. (AC +1, EV +1)
((You are camouflaged when in or above water. (Stealth+)))
You have tentacles for arms and can constrict up to eight enemies at once.


Message History

You release your grip on the lemure.
The lemure attacks as you move away! The lemure closely misses you.
You hit the lemure. Your grab misses the lemure.
The lemure is heavily wounded.
The lemure attacks as you move away! The lemure misses you.
The lemure attacks as you move away! The lemure closely misses you.
You closely miss the lemure. Your grab misses the lemure.
The lemure is severely wounded.
The lemure closely misses you. The lemure hits you!
The lemure attacks as you move away! The lemure closely misses you.
The lemure attacks as you move away! The lemure closely misses you.
You closely miss the lemure. You grab the lemure. You squeeze the lemure.
The lemure is severely wounded.
You constrict the lemure, but do no damage.
The lemure struggles to escape constriction.
The lemure hits you.
You release your grip on the lemure.
The lemure attacks as you move away! The lemure closely misses you.
The lemure attacks as you move away! The lemure hits you.
The lemure attacks as you move away! The lemure hits you.
Found a staircase to the Ecumenical Temple.
You barely miss the lemure. You grab the lemure.
The lemure is almost dead.
You constrict the lemure.
The lemure looks more healthy.
The lemure hits you.
You release your grip on the lemure.
The lemure attacks as you move away! The lemure hits you.
The lemure attacks as you move away! The lemure hits you! The lemure hits you.
* * * LOW HITPOINT WARNING * * *
The lemure attacks as you move away! The lemure closely misses you.
The lemure attacks as you move away! The lemure hits you.
* * * LOW HITPOINT WARNING * * *
You feel better. The lemure misses you. The lemure attacks as you move away!
The lemure hits you!
* * * LOW HITPOINT WARNING * * *
The lemure attacks as you move away! The lemure hits you.
* * * LOW HITPOINT WARNING * * *
As you read the scroll labelled CABLIRAMID, it crumbles to dust.
You feel strangely unstable.
It was a scroll of teleportation.
The lemure hits you.
You die...

..... ..♣..~~♣....##.####$.. ...
...... ##PP.♣.....#P.P.#... ....
... .. #.♣............# ...#...
##. ..#.P.........# #....##
.##..##..#.♣P.......# #....#.
........##..........+ #...##.
#.........#......55...# #......
..........#)....5.##..#####......
..#.#.##....)...@5.##.K...K......
..#. #....)...#.#####.........(.
..#.# ##.......### #.........##.
..#.####....#### #...##..)###
.........#...#.## #####......#
......#.###.....### #.....##
........# #.....#.# #######
.##...#.####.##...###
.....##.......#.....#


You could see 4 lemures.

Vanquished Creatures
  Eustachio (D:4)
  Duvessa (D:4)
  An ogre (D:4)
  Dowan (D:4)
  An orc priest (D:3)
  Robin (D:2)
  2 adders
  2 worms (D:3)
  2 dart slugs (D:2)
  6 orcs (D:3)
  6 bats
  6 endoplasms
  3 giant cockroaches
  15 goblins
  5 hobgoblins
  4 jackals (D:1)
  6 kobolds
  A quokka (D:3)
  4 ball pythons
  5 frilled lizards
  7 rats
80 creatures vanquished.

Vanquished Creatures (others)
  10 plants
  A withered plant (D:3)
11 creatures vanquished.

Grand Total: 91 creatures vanquished

Notes
Turn   | Place    | Note
-------+----------+-------------------------------------------
     0 | D:1      | Dorkslayer the Octopode Brigand began the quest for the
                  | Orb.
     0 | D:1      | Reached XP level 1. HP: 14/14 MP: 1/1
   109 | D:1      | Reached XP level 2. HP: 19/19 MP: 2/2
   313 | D:1      | Reached skill level 6 in Stealth
   413 | D:1      | Reached XP level 3. HP: 24/24 MP: 4/4
   612 | D:2      | Found Joiwas's Magic Scroll Emporium.
   624 | D:2      | Bought a scroll of identify for 26 gold pieces
  1066 | D:2      | Noticed Robin
  1082 | D:2      | Killed Robin
  1091 | D:2      | Reached XP level 4. HP: 29/29 MP: 5/5
  1162 | D:2      | Reached skill level 1 in Spellcasting
  1779 | D:3      | Found a glowing silver altar of Zin.
  1839 | D:3      | Found an ancient bone altar of Kikubaaqudgha.
  2238 | D:3      | Reached XP level 5. HP: 34/34 MP: 7/7
  2339 | D:3      | Found a faded altar of an unknown god.
  2517 | D:4      | Noticed Eustachio
  2527 | D:4      | Reached skill level 7 in Stealth
  2559 | D:4      | Killed Eustachio
  2560 | D:4      | Reached XP level 6. HP: 24/39 MP: 7/9
  2675 | D:4      | Noticed an ice beast
  2769 | D:4      | Reached skill level 8 in Stealth
  2925 | D:4      | Noticed Duvessa
  2926 | D:4      | Noticed Dowan
  2936 | D:4      | Killed Duvessa
  2937 | D:4      | Reached XP level 7. HP: 45/45 MP: 10/10
  2950 | D:4      | Killed Dowan
  2951 | D:4      | Reached skill level 1 in Evocations
  3006 | D:4      | Noticed Pikel
  3027 | D:4      | Found a staircase to the Ecumenical Temple.
  3033 | D:4      | HP: 1/45 [lemure[Pikel] (5)]
  3034 | D:4      | Slain by a lemure

Illustrated notes

Levels and vault maps discovered:
D:1:      minmay_arrival_plants_in_alcoves, layout_rooms,
          dreamdust_mushroom_princess, minmay_cupped
D:2:      kennysheep_six_static_rooms, layout_basic, serial_shops,
          nicolae_shop_crystal, serial_park_tiny_2,
          nicolae_concentric_dashed_squares_wild, uniq_robin
D:3:      layout_loops_ring, kiku_gazebo_garden_becter,
          mainiacjoe_overflow_small_starburst,
          dilly_ecumenical_altar_fadedgnrine
D:4:      layout_cave_pools, minmay_temple_entry_gardened_gates,
          grunt_ministairs_10, serial_bayou_pond_a, minmay_ogre_servants,
          uniq_eustachio, uniq_pikel, uniq_duvessa

Skill      XL: |  1  2  3  4  5  6  7 |
---------------+----------------------+-----
Stealth        | 6 7 8 |  8.8
Spellcasting   | 1 2 |  2.3
Short Blades   | 3 |  3.5
Throwing       | 3 |  3.0
Evocations     | 1 |  1.2
Fighting       | |  2.4
Dodging        | |  1.9

Action                   |  1- 3 |  4- 6 |  7- 9 || total
-------------------------+-------+-------+-------++-------
Melee: Dagger            |    60 |    60 |       ||   120
       Tentacles         |    16 |    15 |     1 ||    32
       Constrict         |    14 |    14 |     4 ||    32
       Punch             |       |     1 |       ||     1
       Short sword       |       |    17 |     7 ||    24
       Unarmed           |       |       |     5 ||     5
Throw: Dart              |    28 |     9 |     9 ||    46
  Use: Scroll            |     1 |     2 |     2 ||     5
       Potion            |       |       |     1 ||     1
 Stab: Sleeping          |     7 |    16 |       ||    23
       Distracted        |       |     1 |       ||     1
Armor: Skin              |     3 |     5 |     2 ||    10
Dodge: Dodged            |    25 |    43 |    15 ||    83

Table legend: (Time is in decaauts)
 A = Elapsed time spent in this place.
 B = Non-inter-level travel time spent in this place.
 C = Inter-level travel time spent in this place.
 D = Time resting spent in this place.
 E = Time spent auto-exploring this place.
 F = Levels seen in this place.
 G = Mean time per level.
                   A        B        C        D        E       F      G
               +--------+--------+--------+--------+--------+-----+--------+
         Total |   3009 |   3009 |      0 |     10 |   1642 |   4 |  752.2 |
       Dungeon |   3009 |   3009 |      0 |     10 |   1642 |   4 |  752.2 |
               +--------+--------+--------+--------+--------+-----+--------+

Top non-repeatable levels by time:
     D:2: 1149 daAuts
     D:3: 800 daAuts
     D:1: 541 daAuts
     D:4: 518 daAuts
